Unix NetHack Version 5.0.0-0 post-release - last build Jun 10 2026 00:39:30 (3ee93aec679c4c4259841fe613dc97188e26a321,branch:main).

Game began 2026-06-11 20:53:36, ended 2026-06-11 21:11:25.

Ch3Begorrah, chaotic male human Rogue

                                                          ---------     -----
                -------                                   |.>.....-##  0+...|
                |.....|                                   |.......| # ##|...|
                |..k..|                                   |.......| ####....|
                |......####---------------                |.......|     --.--
 ---------      |.....|   #-.............|                |.......|       #
 |].(./..|      |.....+    |........>.....#### -----      |......`|       #
 |[.(.!.%|      ----.--    |.............|   # |....#     -------.-       #
 |%.[@...|          #     #-.............|   # |.^^|#            #        #
 |%.m...@-#       ###    ##---------------   ##....|#            #        ###
 |(*.d)..|##      #                            -----##           #          #
 --------- #      #                                  #           #       ---.-
           #     ##                                  ##         ##       |...|
           #    ##                                    #         #        |..<|
           ###--.--                                   ##        #        |...|
             #.....#                                   #--------|--      -----
              |...|                                    #-.........|
              |...|                                     |.........|
              -----                                     -----------

Ch3Begorrah the Cutpurse  St:11 Dx:18 Co:13 In:12 Wi:10 Ch:10  Chaotic
Dlvl:2  $:0  HP:0(21) Pw:14(14) AC:6  Xp:4 T:1136 

Latest messages:
 You see here a food ration (for sale, 60 zorkmids).
 You see here 2 carrots (for sale, 18 zorkmids).
 You see here a mirror (for sale, 13 zorkmids).
 You see here 2 red gems (for sale, 1866 zorkmids).
 You see here a tin opener (for sale, 40 zorkmids).
 You see here a scroll called Scare Monster (for sale, 178 zorkmids).
 The little dog picks up a tin opener.
 The little dog drops a tin opener.
 "For you, most gracious sir; only 5 zorkmids for this orcish dagger."
 You have a little trouble lifting j - an orcish dagger (unpaid, 5 zorkmids).
 You see here a scroll called Scare Monster (for sale, 178 zorkmids).
 What do you want to use or apply? [eflmqD or ?*] <esc>
 Never mind.
 What do you want to read? [qrCEFI or ?*] ?
 Never mind.
 c - an uncursed +1 leather armor (being worn).
 What do you want to read? [qrCEFI or ?*] ?
 As you read the scroll, it disappears.
 Your leather armor glows silver for a moment.
 You drop an orcish dagger (unpaid, 5 zorkmids).
 You drop a carrot (unpaid, 9 zorkmids).
 You drop a scroll labeled GNIK SISI VLE (unpaid, 133 zorkmids).
 You drop a scroll labeled LEP GEX VEN ZEA (unpaid, 133 zorkmids).
 You drop an unlabeled scroll (unpaid, 80 zorkmids).
 You drop a dusty spellbook (unpaid, 267 zorkmids).
 Your movements are now unencumbered.
 You drop a bubbly potion (unpaid, 267 zorkmids).
 You drop 2 cyan potions (unpaid, 534 zorkmids).
 You drop an iridium wand (unpaid, 200 zorkmids).
 The little dog picks up a tin opener.
 What do you want to eat? [k or ?*] d
 You cannot eat that!
 What do you want to drop? [$b-fk-ortuxzB or ?*] z
 You drop an emerald ring (unpaid, 133 zorkmids).
 You stop.  Your little dog is in the way!
 You see here an emerald ring (for sale, 133 zorkmids).
 "For you, esteemed sir; only 133 zorkmids for this emerald ring."
 z - an emerald ring (unpaid, 133 zorkmids).
 What do you want to put on? [z or ?*] z
 You cannot free your weapon hands to put on the ring.
 You see here 2 food rations (for sale, 120 zorkmids).
 The little dog drops a tin opener.
 The little dog picks up a tin opener.
 You see here a tin opener (for sale, 40 zorkmids).
 You find a giant mimic.
 The giant mimic hits!
 The giant mimic hits again!
 You die...
 Aklavik comes and takes all your possessions.
 Do you want to see what you had when you died? [ynq] (y) q

Inventory:
 Amulets  ('"')
  x - an uncursed amulet of reflection (being worn)
 Weapons  (')')
  b - a +0 dagger
  u - 13 +0 daggers (at the ready)
  B - a cursed -1 two-handed sword (weapon in hands)
 Armor    ('[')
  c - an uncursed +2 leather armor (being worn)
 Comestibles  ('%')
  k - 2 uncursed lembas wafers
 Scrolls  ('?')
  r - an uncursed scroll of charging
 Potions  ('!')
  n - an uncursed potion of monster detection
  d - an uncursed potion of sickness
 Rings    ('=')
  o - an uncursed +3 ring of increase accuracy named ok (on left hand)
  z - an uncursed ring of protection from shape changers
 Wands    ('/')
  m - a wand of speed monster (0:4)
 Tools    ('(')
  f - an empty uncursed sack
  e - an uncursed lock pick
  l - a cursed oil lamp
 Gems/Stones  ('*')
  t - an uncursed worthless piece of white glass

Ch3Begorrah the Rogue's attributes:

Background:
 You were a Cutpurse, a level 4 male human Rogue.
 You were chaotic, nominally on a mission for Kos
 who was opposed by Issek (lawful) and Mog (neutral).
 You were right-handed.
 You were in the Dungeons of Doom, on level 2.
 You entered the dungeon 1136 turns ago.
 You had 81 experience points, 79 more were needed to attain level 5.

Basics:
 You had 0 out of 21 hit points.
 You had all 14 energy points (spell power).
 Your armor class was 6.
 Your wallet was empty.
 Autopickup was on, but temporarily disabled while inside the shop.

Final Characteristics:
 Your strength was 11 (limit:18/100).
 Your dexterity was 18 (limit:18).
 Your constitution was 13 (peak:14, limit:18).
 Your intelligence was 12 (limit:18).
 Your wisdom was 10 (limit:18).
 Your charisma was 10 (limit:18).

Final Status:
 You were held by a giant mimic (southwest).
 You weren't hungry.
 You were unencumbered.
 You were wielding a two-handed sword.
 You were unskilled in two-handed sword.

Final Attributes:
 You were devoutly aligned.
 You were stealthy.
 You had a small bonus to hit (+3).
 You were warded.
 You were fast.
 You had reflection.
 You are dead.

Miscellaneous:
 You didn't encounter any bones levels.
 Total elapsed playing time was 17 minutes and 49 seconds.

Major events:
 Turn
    1: Ch3Begorrah the chaotic male human Rogue entered the dungeon
  733: attained the rank of Cutpurse (level 3)
  818: entered the Gnomish Mines
 1136: killed by a giant mimic

You didn't know any spells.

Skills:
 Fighting Skills
   bare handed combat [Unskilled]
   two weapon combat  [Unskilled]
   riding             [Unskilled]
 Weapon Skills
   dagger             [Basic]
   knife              [Unskilled]
   short sword        [Basic]
   broadsword         [Unskilled]
   long sword         [Unskilled]
   two-handed sword   [Unskilled]
   saber              [Unskilled]
   club               [Unskilled]
   mace               [Unskilled]
   morning star       [Unskilled]
   flail              [Unskilled]
   hammer             [Unskilled]
   polearms           [Unskilled]
   spear              [Unskilled]
   crossbow           [Unskilled]
   dart               [Unskilled]
   shuriken           [Unskilled]
 Spellcasting Skills
   divination spells  [Unskilled]
   escape spells      [Unskilled]
   matter spells      [Unskilled]

Voluntary challenges:
 Character rerolling was not enabled.
 You followed a strict vegan diet.
 You were an atheist.
 You never genocided any monsters.
 You never polymorphed an object.
 You never changed form.
 You used no wishes.
Achievements:
 You entered a shop.
 You attained the rank of Cutpurse.
 You entered the Gnomish Mines.

 The Dungeons of Doom: levels 1 to 4
    Level 1:
       An altar, some fountains.
    Level 2: <- You were here.
       A general store.
       Stairs down to The Gnomish Mines.
       Final resting place for
          you, killed by a giant mimic.
    Level 3:
       A weapon shop.
    Level 4:
 The Gnomish Mines:
    Level 3:


Vanquished creatures:
  a giant mimic
  a small mimic
  a gecko
  4 jackals
  a fox
  a kobold
  2 goblins
  4 sewer rats
  a grid bug
  2 lichens
  4 newts
22 creatures vanquished.

No species were genocided or became extinct.

Game over:
                       ----------
                      /          \
                     /    REST    \
                    /      IN      \
                   /     PEACE      \
                  /                  \
                  |   Ch3Begorrah    |
                  |       0 Au       |
                  |   killed by a    |
                  |   giant mimic    |
                  |                  |
                  |                  |
                  |       2026       |
                 *|     *  *  *      | *
        _________)/\\_//(\/(/\)/\//\/|_)_______

Goodbye Ch3Begorrah the Rogue...

You died in The Dungeons of Doom on dungeon level 2 with 754 points,
and 0 pieces of gold, after 1136 moves.
You were level 4 with a maximum of 21 hit points when you died.

